[Event "Late-Titled-Tuesday-Blitz-February-06-2024"]
[Site "Chess.com"]
[Date "2024.02.06"]
[Round "1"]
[White "Mikayel99"]
[Black "DenLaz"]
[Result "1/2-1/2"]
[WhiteElo "2528"]
[BlackElo "3043"]
[TimeControl "180+1"]
[EndTime "14:08:45 PST"]
[Termination "Game drawn - insufficient material"]

1. e4 c5 2. Nf3 e6 3. g3 d5 4. exd5 exd5 5. Bg2 Qe7+ 6. Qe2 Qxe2+ 7. Kxe2 Nc6 8. Re1 Be7 9. Kf1 Nf6 10. a3 O-O 11.
Nc3 d4 12. Ne2 d3 13. cxd3 Rd8 14. d4 Bf5 15. dxc5 Bxc5 16. b4 Bb6 17. Bb2 Bd3 18. b5 Bxb5 19. Kg1 Nd5 20. Nc3 Nxc3 21. Bxc3 f6 22.
a4 Bc4 23. a5 Bc7 24. Reb1 Rab8 25. Ne1 Bd5 26. Nc2 Kf7 27. Nb4 Bxg2 28. Kxg2 Ne7 29.
Ra4 a6 30. Nc2 Bd6 31. Bb4 Nc6 32. Bxd6 Rxd6 33. d4 Rd5 34. Rc4 Rxa5 35. Rxc6 bxc6 36. Rxb8 Ke6 37. Nb4 Kd6 38. Rb6 Rb5 39. Rxc6+ Kd7 40. Rc4 a5 41. Nd3 Kd6 42. Kf3 Rb3 43. Ke4 f5+ 44.
Ke3 Ra3 45. Kd2 Kd5 46. Rc3 Ra2+ 47. Rc2 Ra1 48. Nc5 a4 49. Na6 Kxd4 50. Nb4 g5 51. Nc6+ Ke4 52. Ke2 f4 53. f3+ Kd5 54. Nb4+ Kd4 55. gxf4 gxf4 56. Rd2+ Kc4 57. Nd3 Rh1 58.
Ne5+ Kc3 59. Rd3+ Kc2 60. Rd2+ Kb3 61. Rd3+ Kc2 62. Ra3 Rxh2+ 63. Kf1 Rh5 64. Nc6 Rc5 65. Nd4+ Kd2 66. Rxa4 Ke3 67. Ne6 Rc1+ 68. Kg2 Rc2+ 69.
Kh3 Kxf3 70. Rxf4+ Ke3 71. Ra4 Rb2 72. Kg4 Rb5 73. Ng5 h6 74. Nf7 h5+ 75. Kh4 Rf5 76. Nd6 Rf4+ 77. Rxf4 Kxf4 78. Kxh5 1/2-1/2

[Event "Late-Titled-Tuesday-Blitz-February-06-2024"]
[Site "Chess.com"]
[Date "2024.02.06"]
[Round "1"]
[White "gmjoey1"]
[Black "kekic76"]
[Result "1/2-1/2"]
[WhiteElo "2676"]
[BlackElo "2381"]
[TimeControl "180+1"]
[EndTime "14:08:53 PST"]
[Termination "Game drawn by repetition"]

1. e4 e6 2. d4 d5 3. Nc3 Bb4 4. e5 Qd7 5. a3 Be7 6. Qg4 g6 7. h4 h5 8. Qf4 b6 9. Nf3 Ba6 10. Bxa6 Nxa6 11. Be3 Nh6 12. O-O-O Rc8 13. Ng5 Qc6 14.
f3 b5 15. Nce4 dxe4 16. fxe4 Bxg5 17. hxg5 Ng4 18. d5 Qd7 19. Qxg4 hxg4 20. Rxh8+ Ke7 21. d6+ cxd6 22. exd6+ Qxd6 23. Rxd6 Rxh8 24. Rxa6 Rh1+ 25. Kd2 Rh2 26. Rxa7+ Ke8 27. Bf4 Rxg2+ 28. Ke3 Rxc2 29. b4 Rc3+ 30. Kd4 Rf3 31. Be3 g3 32. Ra8+ Kd7 33. Ra7+ Kc6 34. Ra8 e5+ 35. Kd3 g2 36. Rc8+ Kd6 37. Rc1 Rf1 38. Rc5 Rf3 39. Rc1 Rf1 40. Rc2 g1=Q 41. Bxg1 Rxg1 42. Rc5 Rxg5 43. Rxb5 Rg3+ 44. Kc4 Rxa3 45. Rb6+ Ke7 46. Kd5 g5 47. Kxe5 g4 48. Rb7+ Kf8 49. Rc7 Rb3 50. Kf6 Rf3+ 51.
Ke5 g3 52. Rc2 Rb3 53. Rg2 Rxb4 54. Kf4 Ke7 55. Rxg3 Ke6 56. Ra3 Rb6 57. Ra5 Rc6 58. Rf5 Ke7 59. Re5+ Re6 60. Rd5 Rf6+ 61. Ke3 Rd6 62.
Re5+ Re6 63. Ra5 Rd6 64. Kf4 Rd7 65. Ra6 Rb7 66. Kf5 Rb5+ 67. e5 Rb1 68. Ra7+ Kf8 69. Kf4 Rf1+ 70. Ke4 Re1+ 71. Kf5 Rf1+ 72. Kg5 Rg1+ 73.
Kf6 Rf1+ 74. Kg5 Rg1+ 75. Kf4 Rf1+ 76. Ke4 Re1+ 77. Kd4 Rd1+ 78. Kc5 Rc1+ 79. Kd6 Rd1+ 80. Kc6 Rc1+ 81. Kd5 Rd1+ 82. Kc4 Rc1+ 83. Kd4 Rd1+ 84. Ke3 Re1+ 85. Kf4 Rf1+ 1/2-1/2

[Event "Late-Titled-Tuesday-Blitz-February-06-2024"]
[Site "Chess.com"]
[Date "2024.02.06"]
[Round "1"]
[White "N_I_Chess"]
[Black "aghasiyevkamal"]
[Result "1-0"]
[WhiteElo "2346"]
[BlackElo "2631"]
[TimeControl "180+1"]
[EndTime "14:08:55 PST"]
[Termination "N_I_Chess won by checkmate"]

1. d4 d5 2. c4 e6 3. Nc3 Nf6 4. cxd5 exd5 5. Bg5 c6 6. e3 Nbd7 7. Bd3 Be7 8. Qc2 h6 9. Bh4 Nh5 10. Bxe7 Qxe7 11. Nge2 Nb6 12. Ng3 Nf4 13. O-O Nxd3 14. Qxd3 O-O 15. b3 Be6 16. f4 Bd7 17. f5 Rae8 18.
Rae1 Qh4 19. Re2 Bc8 20. Rf4 Qg5 21. Nd1 Nd7 22. Nf2 Qd8 23. Ng4 Nf6 24. Ne5 Qd6 25.
Qc3 Nd7 26. Ng4 c5 27. Ref2 f6 28. Nh5 Rf7 29. R2f3 b6 30. Rg3 Kf8 31. h3 Ree7 32.
Kh2 Ke8 33. Rff3 Kd8 34. Nf4 Re4 35. Ne6+ Ke7 36. Nf2 Rxe6 37. fxe6 Qxe6 38. Nd3 g5 39. dxc5 bxc5 40. Nxc5 Qc6 41. Qd4 Qxc5 42. Rf2 Qxd4 43. exd4 Kd6 44. b4 Ba6 45. Re3 Re7 46. Rxe7 Kxe7 47.
a4 Bc4 48. g4 Nb6 49. a5 Nc8 50. h4 Nd6 51. hxg5 hxg5 52. Rb2 a6 53. Rb1 Ne4 54.
Kg2 Ke6 55. Rh1 Be2 56. Rh8 Bxg4 57. b5 axb5 58. a6 Be2 59. a7 g4 60. a8=Q Bf3+ 61.
Kg1 Kf5 62. Qd8 Kf4 63. Qb8+ Ke3 64. Qxb5 f5 65. Qb3+ Kf4 66. Qb1 Kg3 67. Qe1+ Kf4 68. Qc1+ Kg3 69. Rf8 Kh4 70. Rxf5 g3 71. Qh6+ Kg4 72.
Rf4# 1-0

[Event "Late-Titled-Tuesday-Blitz-February-06-2024"]
[Site "Chess.com"]
[Date "2024.02.06"]
[Round "1"]
[White "GP9isback23"]
[Black "Doublekk14"]
[Result "1/2-1/2"]
[WhiteElo "2624"]
[BlackElo "2319"]
[TimeControl "180+1"]
[EndTime "14:08:55 PST"]
[Termination "Game drawn - insufficient material"]

1. d4 Nf6 2. Nf3 e6 3. c4 d5 4. Nc3 c5 5. cxd5 exd5 6. g3 h6 7. Bg2 Nc6 8. O-O Be6 9. dxc5 Bxc5 10. Na4 Be7 11. Be3 Qa5 12. Nd4 O-O 13. Rc1 Rac8 14. Nxc6 bxc6 15. Bc5 Rfe8 16. Bxe7 Rxe7 17. Rc5 Qb4 18.
b3 Ne4 19. Bxe4 Qxe4 20. Qd3 Qxd3 21. exd3 Bh3 22. Rb1 Rce8 23. Rcc1 Re2 24. Nc5 Rxa2 25. Ra1 Ree2 26. Rxa2 Rxa2 27. b4 Rb2 28. Na6 Rb3 29. d4 Rd3 30. Nb8 Rxd4 31. Nxc6 Rc4 32. Ne7+ Kf8 33. Re1 Be6 34. Nxd5 Bxd5 35. h4 Rxb4 36.
Ra1 Rb7 37. f4 f5 38. Kf2 Be4 39. Ke3 Ke7 40. Kd4 Kd6 41. Ra6+ Bc6 42. h5 Rb4+ 43. Ke3 Rb3+ 44. Kd4 Rxg3 45. Rxa7 Rg4 46. Ke3 Rg3+ 47. Kd4 Bd7 48. Ra6+ Ke7 49. Ke5 Re3+ 50. Kd4 Re6 51. Ra5 Kf6 52. Kd3 Be8 53. Rc5 Bxh5 54. Rc7 Bg4 55. Kd4 h5 56. Kd3 h4 57. Rc1 h3 58.
Rh1 Rd6+ 59. Ke3 Re6+ 60. Kf2 Re4 61. Kg3 Re3+ 62. Kh4 Rf3 63. Ra1 Rxf4 64. Ra6+ Ke5 65. Kg5 Ke4 66. Ra4+ Ke3 67. Rxf4 h2 68. Rf1 Bf3 69.
Kxf5 h1=Q 70. Rxh1 Bxh1 71. Kg6 Be4+ 72. Kxg7 1/2-1/2

[Event "Late-Titled-Tuesday-Blitz-February-06-2024"]
[Site "Chess.com"]
[Date "2024.02.06"]
[Round "1"]
[White "crazy_but_lazy"]
[Black "pinguino120"]
[Result "1-0"]
[WhiteElo "2614"]
[BlackElo "2277"]
[TimeControl "180+1"]
[EndTime "14:08:57 PST"]
[Termination "crazy_but_lazy won by resignation"]

1. Nf3 d5 2. c4 c6 3. e3 Nf6 4.
b3 Bg4 5. Bb2 e6 6. Nc3 Nbd7 7. h3 Bh5 8. Be2 Bd6 9. d4 O-O 10.
O-O h6 11. Rc1 Qe7 12. Qc2 Bg6 13. Bd3 Bxd3 14. Qxd3 Rad8 15. e4 dxc4 16. Qxc4 e5 17. Rfe1 exd4 18. Nxd4 Ne5 19. Qe2 Bc5 20. Nf5 Qc7 21.
Red1 Rxd1+ 22. Rxd1 Rd8 23. Rxd8+ Qxd8 24. Nd5 cxd5 25.
Bxe5 dxe4 26. Bxf6 Qxf6 27. Ng3 e3 28. fxe3 Qa1+ 29. Nf1 Qe5 30. Qd3 f5 31. Qd8+ Kh7 32.
Qd3 Kh8 33. Kh1 Qe4 34. Qxe4 fxe4 35. Kg1 Kg8 36. Kf2 Kf7 37. Ke2 Ke6 38. Nd2 Kd5 39.
Nc4 b5 40. Nd2 Bb4 41. Nf1 g5 42. Ng3 Bf8 43. Nf5 a5 44. g4 a4 45. Kd2 a3 46.
Kc3 b4+ 47. Kd2 Ke5 48. Nd4 Kd5 49. Nc2 Ke5 50. Ke2 Kd5 51. Ne1 Ke5 52. Ng2 Kd5 53.
Kf2 Ke5 54. Kg3 Be7 55. h4 gxh4+ 56. Nxh4 Bg5 57. Ng2 Kd5 58. Kf2 Ke5 59. Ke2 Kd5 60. Nf4+ Ke5 61. Nh5 Kd5 62. Ng7 Kc5 63. Ne6+ Kd5 64.
Nd4 Kc5 65. Kf2 Kd5 66. Ke2 Kc5 67. Nc2 Bf6 68. Kf2 Bg5 69. Kg3 Bf6 70. Kf4 Bg5+ 71.
Kxe4 Bf6 72. Nd4 Bg5 73. Nc2 Bf6 74. Kf5 Bg5 75. e4 Kd6 76. Nxb4 1-0

[Event "Late-Titled-Tuesday-Blitz-February-06-2024"]
[Site "Chess.com"]
[Date "2024.02.06"]
[Round "1"]
[White "ChadBiryani"]
[Black "GadimbayliA"]
[Result "1-0"]
[WhiteElo "2461"]
[BlackElo "2809"]
[TimeControl "180+1"]
[EndTime "14:09:01 PST"]
[Termination "ChadBiryani won by resignation"]

1. d4 d5 2. Bg5 h6 3. Bh4 c6 4. e3 Qb6 5. Qc1 e5 6. Nf3 e4 7. Nfd2 Be6 8. c4 Nd7 9. Nc3 Be7 10. Bg3 Ngf6 11. Be2 O-O 12. O-O Rac8 13. c5 Qd8 14. b4 b6 15. h3 a5 16. a3 b5 17. Qb2 a4 18. f3 exf3 19. Bxf3 Re8 20. Rae1 Bf8 21. e4 dxe4 22. Ndxe4 Bc4 23. Be2 Bxe2 24. Rxe2 Nh7 25. Ref2 Ndf6 26. Nd6 Bxd6 27. Bxd6 Qd7 28. d5 cxd5 29. Qd2 Re6 30. Qd4 Qc6 31.
Rf5 Rxd6 32. cxd6 Qxc3 33. Qxc3 Rxc3 34. Rxf6 Nxf6 35. Rxf6 Rc8 36. d7 Rd8 37. Rd6 Kf8 38.
Rxd5 Ke7 39. Rxb5 Rxd7 40. Ra5 Rd1+ 41. Kh2 g5 42. Rxa4 Rd3 43. Ra6 h5 44. b5 Rb3 45.
a4 h4 46. b6 f5 47. a5 Rb2 48. Ra7+ Kd6 49. Rg7 f4 50. Rxg5 f3 51. Kg1 fxg2 52.
Rxg2 Rb1+ 53. Kh2 Kc6 54. Ra2 Kb7 55. a6+ Ka8 56. b7+ Ka7 57. Ra4 Rb3 58. Kg2 Rg3+ 59. Kh2 Rb3 60. Ra5 Rb2+ 61. Kg1 Rb3 62. Kg2 Rg3+ 63.
Kf2 Rb3 64. Ra4 Rb5 65. Kf3 Rb3+ 66. Kg4 Rb6 67. Kxh4 Rh6+ 68. Kg4 Rh8 69. h4 Rg8+ 70. Kh3 Rh8 71. Ra5 Rg8 72. h5 Rg1 73. Kh4 Rh1+ 74.
Kg4 Rg1+ 75. Kh4 Rb1 76. Kg5 Rg1+ 77. Kh6 Rb1 78. Kh7 Rh1 79. h6 Rb1 80. Kh8 Rh1 81. h7 Rg1 82. Rf5 1-0

[Event "Late-Titled-Tuesday-Blitz-February-06-2024"]
[Site "Chess.com"]
[Date "2024.02.06"]
[Round "1"]
[White "tptagain"]
[Black "thesupera12"]
[Result "1/2-1/2"]
[WhiteElo "2944"]
[BlackElo "2515"]
[TimeControl "180+1"]
[EndTime "14:09:20 PST"]
[Termination "Game drawn by stalemate"]

1. Nf3 g6 2. d4 Bg7 3. Bg5 c5 4. e3 cxd4 5. exd4 h6 6. Bh4 Qb6 7. Na3 Qxb2 8. Nb5 Qb4+ 9. c3 Qa5 10. Nd2 Nf6 11. Bg3 d6 12. Nc4 Qd8 13. Nbxd6+ exd6 14. Nxd6+ Kf8 15. Bc4 Qe7+ 16. Kf1 Be6 17. d5 Bg4 18. Qb3 Nh5 19. Nxb7 Nxg3+ 20. hxg3 Nd7 21. d6 Qf6 22. Re1 Qxc3 23. Bxf7 Qxb3 24. Bxb3 Re8 25. Rh4 Rxe1+ 26. Kxe1 h5 27. f3 g5 28. Rh1 Bf5 29. Ke2 Bf6 30. Rc1 Kg7 31. Rc7 Kg6 32. g4 hxg4 33. fxg4 Bxg4+ 34. Kf2 Bd4+ 35. Kg3 Bf5 36. Kf3 Bb6 37. g4 Rh3+ 38. Kg2 Bxg4 39. Bc2+ Kf6 40. Rc8 Be6 41. Nd8 Re3 42.
Nxe6 Kxe6 43. Rg8 Kxd6 44. Bb3 Re2+ 45. Kf3 Re3+ 46. Kg2 Nf6 47. Rxg5 Ne4 48. Rg6+ Kc5 49. Re6 Kd4 50. Rh6 Nc5 51. Bg8 Re4 52. Kf3 Re3+ 53.
Kf4 Ra3 54. Bf7 Nd3+ 55. Kf5 Ra5+ 56. Ke6 Nc5+ 57. Kd6 Ne4+ 58. Kd7 Bc5 59. Rh4 Ke5 60. Rh5+ Kf4 61. Rh4+ Ke3 62. Rh3+ Kd4 63. Rh4 Bb6 64. Bg6 Re5 65. Kc6 Ke3 66. Rh3+ Kf4 67. Bf7 Kg5 68. Bb3 Nf6 69. Rh1 Rc5+ 70. Kb7 Rc3 71. Rh2 Rc7+ 72. Ka6 Nd7 73. Rg2+ Kf4 74. Rh2 Nc5+ 75. Kb5 Nxb3 76. axb3 Rc3 77. b4 Ke4 78. Rd2 Ke3 79. Rd7 Rd3 80.
Rb7 Kd2 81. Rxb6 axb6 82. Kxb6 Kc3 83. Kc5 Rh3 84. b5 Rh5+ 85. Kc6 Kc4 86. b6 Rh6+ 87. Kc7 Kc5 88. b7 Rh7+ 89. Kb8 Kb6 90. Ka8 Rxb7 1/2-1/2

[Event "Late-Titled-Tuesday-Blitz-February-06-2024"]
[Site "Chess.com"]
[Date "2024.02.06"]
[Round "1"]
[White "fks_stal_mielec"]
[Black "Titus369"]
[Result "0-1"]
[WhiteElo "2352"]
[BlackElo "2670"]
[TimeControl "180+1"]
[EndTime "14:09:25 PST"]
[Termination "Titus369 won by checkmate"]

1. e4 c5 2. Nf3 d6 3. d4 cxd4 4.
Nxd4 Nf6 5. Nc3 a6 6. Be3 e6 7.
Be2 Nbd7 8. f4 b5 9. a3 Bb7 10. Bf3 Qc7 11. O-O Nc5 12. Ncxb5 axb5 13. Nxb5 Qd7 14. Bxc5 dxc5 15. Qxd7+ Kxd7 16. Rad1+ Kc8 17.
e5 Nd5 18. c4 Nb6 19. b3 Be7 20. a4 Bxf3 21. Rxf3 Rd8 22. Rxd8+ Kxd8 23. Rd3+ Kc8 24. Kf2 Kb7 25. Ke3 f6 26. Ke4 Rd8 27. Rxd8 Bxd8 28.
g3 Kc6 29. Nd6 Nd7 30. Nf7 Ba5 31. Nd6 fxe5 32. fxe5 Bc3 33. Nf7 h6 34. h3 Kc7 35. g4 Nf8 36. h4 Ng6 37. h5 Ne7 38. Nd6 Ba1 39. Nf7 Nc6 40. Kf4 Nd4 41. Ke4 Nxb3 42. Nd6 Nd2+ 43. Kf4 Nb3 44. Ke4 Na5 45. Nb5+ Kd7 46. Nd6 Nc6 47. Nb7 Bd4 48. Nd6 Nxe5 49. Nb7 Nxc4 50. a5 Kc6 51. Nd8+ Kd6 52. a6 Nb6 53. a7 Na8 54. Nb7+ Kc6 55. Na5+ Kb6 56. Nc4+ Kxa7 57. Kf4 Nb6 58. Ke4 Nxc4 59. Kd3 Nd6 60.
Kc2 c4 61. Kd2 e5 62. Kc2 e4 63. Kd2 Kb6 64. Kc2 Nf7 65. Kd2 Ng5 66. Kc2 Kc5 67. Kd2 Kd5 68. Kc2 Ke5 69. Kd2 Kf4 70. Kc2 Kxg4 71. Kd2 Kxh5 72. Ke2 Kg6 73. Kd1 Kf5 74. Kd2 g6 75. Ke2 h5 76. Ke1 Ke5 77. Ke2 Ne6 78. Ke1 g5 79. Ke2 Ng7 80. Ke1 Ne8 81. Ke2 Nd6 82. Ke1 Kd5 83. Ke2 Kc5 84. Ke1 Kb4 85. Ke2 g4 86. Ke1 h4 87. Ke2 Nc8 88. Ke1 Nb6 89. Ke2 Nd5 90. Ke1 Nf4 91. Kd2 h3 92. Ke1 g3 93. Kd1 Kb3 94. Kd2 e3+ 95.
Ke1 c3 96. Kd1 Bc5 97. Ke1 Ba3 98. Kd1 Kc4 99. Ke1 Kd3 100. Kd1 g2 101. Ke1 h2 102. Kd1 Ne6 103. Ke1 Nc5 104. Kd1 Nb3 105. Ke1 Nd4 106. Kd1 c2+ 107. Ke1 Nf3# 0-1

[Event "Late-Titled-Tuesday-Blitz-February-06-2024"]
[Site "Chess.com"]
[Date "2024.02.06"]
[Round "1"]
[White "Tsschessulover"]
[Black "Yushko_Olga"]
[Result "1/2-1/2"]
[WhiteElo "2582"]
[BlackElo "2205"]
[TimeControl "180+1"]
[EndTime "14:09:57 PST"]
[Termination "Game drawn by repetition"]

1. d4 e6 2. Nf3 Nf6 3. Bf4 d5 4. e3 c5 5. Nbd2 Nc6 6. c3 Bd6 7. Bd3 cxd4 8. cxd4 Bxf4 9. exf4 Qb6 10. Nb3 Bd7 11. O-O O-O 12. Ne5 Rac8 13. Nc5 Rfd8 14. Ncxd7 Nxd7 15. Bxh7+ Kf8 16. Nxc6 Rxc6 17. Bc2 Qxb2 18.
Bb3 Nf6 19. Qd3 Rc3 20. Qb5 b6 21. Qb4+ Kg8 22. Rab1 Rxb3 23. Qxb3 Qxd4 24. Qe3 Qa4 25. Rb2 Ne4 26. Rc1 Nc5 27. g3 Qa6 28. Rbc2 d4 29. Qf3 d3 30. Rd2 Qa4 31. Rcd1 Qc4 32. Kg2 a5 33.
Qe3 a4 34. Re1 Qd5+ 35. Kg1 f5 36. h4 Ne4 37. Rdd1 Kf7 38. f3 Nc3 39. Rd2 Nxa2 40. Qxb6 Rd6 41. Qc7+ Rd7 42. Qb6 Nc3 43. Qe3 Ne2+ 44.
Rexe2 Qb3 45. Rf2 a3 46. Kg2 Qc3 47. Qe5 Qb3 48. g4 fxg4 49. fxg4 Qb7+ 50. Kh2 Rd5 51. Qe3 Qe7 52. Kg3 Qd6 53. Rf3 a2 54. Rxa2 d2 55. Rxd2 Rxd2 56. Rf2 Rd3 57. Rf3 Rxe3 58.
Rxe3 Qd2 59. Kf3 Qd1+ 60. Kg3 Qg1+ 61. Kf3 Qh1+ 62. Kg3 g6 63. Re5 Qg1+ 64. Kf3 Qh2 65. h5 Qh3+ 66. Ke4 Qxg4 67. hxg6+ Qxg6+ 68. Ke3 Qg3+ 69. Ke4 Qe1+ 70. Kf3 Qf1+ 71. Ke3 Qc1+ 72. Kf3 Kf6 73. Rg5 Qc3+ 74. Ke4 Qc4+ 75. Ke3 Qb3+ 76. Ke4 Qc2+ 77. Ke3 Qc1+ 78. Ke4 Qe1+ 79. Kf3 Qf1+ 80. Ke4 Ke7 81. Re5 Kd6 82. Ke3 Qe1+ 83. Kf3 Qd1+ 84.
Ke3 Qc1+ 85. Kf3 Qc4 86. Ke3 Qc3+ 87. Ke4 Qe1+ 88. Kf3 Qxe5 89. fxe5+ Kxe5 90. Ke3 Kd5 91. Kd3 e5 92. Ke3 e4 93. Ke2 Kd4 94. Kd2 e3+ 95. Ke2 Ke4 96. Ke1 Kf4 97. Ke2 Ke4 98. Ke1 Kd3 99.
Kd1 Kd4 100. Ke2 Ke4 1/2-1/2

[Event "Late-Titled-Tuesday-Blitz-February-06-2024"]
[Site "Chess.com"]
[Date "2024.02.06"]
[Round "1"]
[White "Arystanner"]
[Black "YouShallNotPass001"]
[Result "1-0"]
[WhiteElo "2845"]
[BlackElo "2451"]
[TimeControl "180+1"]
[EndTime "14:10:39 PST"]
[Termination "Arystanner won by resignation"]

1. e4 Nf6 2. e5 Ne4 3. d3 Nc5 4. d4 Ne6 5. d5 Nc5 6. Be3 e6 7. c4 a5 8. Nc3 b6 9. Nf3 Bb7 10. Be2 Be7 11. O-O O-O 12. Rc1 Nba6 13. Qd2 d6 14. Rfd1 dxe5 15. Nxe5 Bf6 16. Nc6 Bxc6 17. dxc6 Nb4 18. Nb5 Nxa2 19. Qxd8 Raxd8 20. Ra1 Nb4 21. Bf3 Nca6 22. Rd7 Nc2 23. Rad1 Nxe3 24. fxe3 Rxd7 25. cxd7 Bd8 26. Nd4 Nc5 27. Nc6 f6 28. Kf2 Kf7 29.
h4 Na6 30. g4 Nb4 31. Na7 Be7 32. Nc8 Rd8 33. Be4 g6 34. h5 f5 35. hxg6+ hxg6 36. Bf3 Na6 37. Na7 Nc5 38. Nc6 Rxd7 39. Ne5+ Ke8 40. Nxd7 Nxd7 41. Bc6 Bd6 42. gxf5 gxf5 43. Rh1 Kd8 44. Rh8+ Nf8 45. b3 Ke7 46. Rg8 Be5 47. Kf3 Kf7 48. Rg1 Ng6 49. Rh1 Bg7 50. Ke2 Ne5 51.
Bb7 Nd7 52. Bc6 Nc5 53. Ba4 Ne4 54. Rg1 Be5 55. Kd3 Nc5+ 56. Kc2 Bh2 57. Rg2 Be5 58.
Bc6 Bg7 59. Rd2 Bh6 60. Rd8 Bxe3 61. Rh8 Bf4 62. Rh7+ Kf6 63. Kc3 Bd6 64. Bf3 Be5+ 65. Kc2 Bd6 66. Bh5 e5 67. Rf7+ Kg5 68. Be2 e4 69. Rh7 f4 70. Rh5+ Kg6 71. Rd5 f3 72. Bd1 Kf6 73. Rh5 Bf4 74. Rh3 Kf5 75. Bxf3 exf3 76.
Rxf3 Ke5 77. Rh3 Bg5 78. Rh5 Kf6 79. Rh7 Bf4 80. Rh8 Bd6 81. Rh6+ Ke7 82. Rh5 Kd7 83. Rh7+ Kc6 84. Rh5 Na6 85. Rh7 Nb4+ 86. Kb1 Be5 87. Rh5 Bc3 88. Rh3 Bg7 89. Rh7 Bd4 90. Rh4 Bc5 91. Rh6+ Kb7 92. Rh5 Nc6 93. Rh7 Nd4 94. Ka2 Nc2 95. Rh2 Nb4+ 96. Kb1 Bd4 97. Rh6 Na6 98. Rh5 Nc5 99. Kc2 Bf6 100. Rh6 Bg5 101. Rh5 Be3 102. Rh3 Bf2 103. Rf3 Be1 104. Rh3 Bb4 105. Rh7 a4 106. bxa4 Nxa4 107. Kb3 Bd6 108. Kxa4 Bc5 109. Kb5 Bd6 110. Ka4 Bc5 111. Kb3 Bd6 112. Kc2 Bc5 113. Kd3 Bd6 114. Ke4 Bc5 115. Kd5 Bd6 116. Ke6 Bc5 117. Kd7 Bd6 118. Kd8 Bf4 119. Rf7 Bg3 120. Kd7 Bd6 121. Rf3 Be5 122. c5 bxc5 123. Rb3+ Ka6 124. Kc6 Ka5 125. Kxc5 Bd6+ 126. Kc4 Ka4 127. Rb7 Ka5 128. Kd5 Ka6 129. Kc6 Bg3 130. Rb3 Ka7 131. Rxg3 1-0

[Event "Late-Titled-Tuesday-Blitz-February-06-2024"]
[Site "Chess.com"]
[Date "2024.02.06"]
[Round "2"]
[White "Einherjar521"]
[Black "Pelusiansky"]
[Result "0-1"]
[WhiteElo "2089"]
[BlackElo "2451"]
[TimeControl "180+1"]
[EndTime "14:12:27 PST"]
[Termination "Pelusiansky won by resignation"]

1. e4 c6 2. d4 d5 3. exd5 cxd5 4. c4 Nf6 5. Nc3 g6 6. Qb3 Bg7 7. cxd5 O-O 8. Nge2 a5 9. a4 Na6 10. g3 Nb4 11.
Nf4 Bf5 12. h4 Nc2+ 0-1

[Event "Late-Titled-Tuesday-Blitz-February-06-2024"]
[Site "Chess.com"]
[Date "2024.02.06"]
[Round "2"]
[White "ural58"]
[Black "Cronos97"]
[Result "1-0"]
[WhiteElo "2476"]
[BlackElo "2183"]
[TimeControl "180+1"]
[EndTime "14:12:53 PST"]
[Termination "ural58 won by resignation"]

1. e4 c5 2. b3 a6 3. d4 cxd4 4. Qxd4 Nc6 5. Qd2 Nf6 6. Nc3 d6 7. Bb2 e6 8. O-O-O Be7 9. f4 O-O 10. Nf3 b5 11. e5 b4 12. exf6 bxc3 13. Qxc3 Bxf6 14. Qxc6 1-0

[Event "Late-Titled-Tuesday-Blitz-February-06-2024"]
[Site "Chess.com"]
[Date "2024.02.06"]
[Round "2"]
[White "wanyaland"]
[Black "mjelcic"]
[Result "1-0"]
[WhiteElo "2488"]
[BlackElo "2204"]
[TimeControl "180+1"]
[EndTime "14:13:08 PST"]
[Termination "wanyaland won by resignation"]

1. d4 d5 2. c4 c6 3. Nc3 Nf6 4. Nf3 e6 5. e3 Be7 6. Bd3 dxc4 7. Bxc4 O-O 8. e4 b5 9. Bd3 Bb7 10. e5 Nd5 11. h4 c5 12. Bxh7+ Kxh7 13. Ng5+ Bxg5 14.
hxg5+ Kg8 15. Qh5 f5 16. g6 1-0

[Event "Late-Titled-Tuesday-Blitz-February-06-2024"]
[Site "Chess.com"]
[Date "2024.02.06"]
[Round "2"]
[White "Zapateado"]
[Black "jinbojinbo"]
[Result "0-1"]
[WhiteElo "2355"]
[BlackElo "2623"]
[TimeControl "180+1"]
[EndTime "14:13:20 PST"]
[Termination "jinbojinbo won by resignation"]

1. c4 Nf6 2. g3 g6 3. Nc3 Bg7 4. Bg2 O-O 5. e4 d6 6. Nge2 e5 7. O-O Nc6 8. d3 Be6 9. Nd5 Nd7 10. f4 exf4 11. Ndxf4 Nd4 12. Be3 Bg4 13. Bh3 Nxe2+ 14. Kh1 Nxg3+ 0-1

[Event "Late-Titled-Tuesday-Blitz-February-06-2024"]
[Site "Chess.com"]
[Date "2024.02.06"]
[Round "2"]
[White "masterofpuppets2"]
[Black "Hooded_Old_Man"]
[Result "1-0"]
[WhiteElo "2511"]
[BlackElo "2238"]
[TimeControl "180+1"]
[EndTime "14:13:27 PST"]
[Termination "masterofpuppets2 won by resignation"]

1. e4 d6 2. d4 Nf6 3. Nc3 e5 4. Nf3 Nbd7 5. Bc4 Be7 6. O-O O-O 7. Re1 c6 8. a4 b6 9. h3 a6 10. Bg5 Bb7 11. Qe2 b5 12. axb5 axb5 13. Rxa8 Bxa8 14. Bb3 Re8 15. Rd1 Qc7 16. d5 b4 17. dxc6 bxc3 18.
cxd7 Nxd7 19. bxc3 Bxg5 20. Nxg5 Nf6 21. Bxf7+ 1-0

[Event "Late-Titled-Tuesday-Blitz-February-06-2024"]
[Site "Chess.com"]
[Date "2024.02.06"]
[Round "2"]
[White "Konavets"]
[Black "marcodobrikov"]
[Result "1-0"]
[WhiteElo "3124"]
[BlackElo "2664"]
[TimeControl "180+1"]
[EndTime "14:13:29 PST"]
[Termination "Konavets won by checkmate"]

1. e4 e5 2. Nf3 Nc6 3. Bb5 a6 4. Ba4 Nf6 5. Qe2 d6 6. c3 Be7 7.
d4 b5 8. Bb3 O-O 9. O-O Bb7 10.
Rd1 Qc8 11. Nbd2 Nd7 12. Nf1 Na5 13. Bc2 c5 14. Ng3 Re8 15. dxc5 Nxc5 16. b4 Ne6 17. bxa5 Qxc3 18. Rb1 Qxa5 19. Bb3 Nc5 20. Nf5 Bf8 21. Bxf7+ Kxf7 22. Ng5+ Kg8 23. Qh5 h6 24. Nxh6+ Kh8 25. Nhf7+ Kg8 26. Qh8# 1-0

[Event "Late-Titled-Tuesday-Blitz-February-06-2024"]
[Site "Chess.com"]
[Date "2024.02.06"]
[Round "2"]
[White "Kiborg95"]
[Black "reevecanada"]
[Result "1-0"]
[WhiteElo "2841"]
[BlackElo "2559"]
[TimeControl "180+1"]
[EndTime "14:13:39 PST"]
[Termination "Kiborg95 won by checkmate"]

1. e4 c5 2. Nc3 Nc6 3. Nge2 d6 4. d4 cxd4 5. Nxd4 Nxd4 6. Qxd4 Nf6 7. Bg5 e6 8. O-O-O Qa5 9. Bxf6 gxf6 10. Qxf6 Rg8 11. Bb5+ Bd7 12. Bxd7+ Kxd7 13. Qxf7+ Be7 14. Rxd6+ Kxd6 15. Rd1+ Ke5 16. f4# 1-0

[Event "Late-Titled-Tuesday-Blitz-February-06-2024"]
[Site "Chess.com"]
[Date "2024.02.06"]
[Round "2"]
[White "inagreV"]
[Black "rdarruda"]
[Result "1-0"]
[WhiteElo "2352"]
[BlackElo "2536"]
[TimeControl "180+1"]
[EndTime "14:13:48 PST"]
[Termination "inagreV won by resignation"]

1. d4 Nf6 2. Bf4 d6 3. Nc3 Nbd7 4. Nf3 g6 5. e4 Bg7 6. Qd2 O-O 7. O-O-O c6 8. e5 Ne8 9. Bh6 Qc7 10. h4 dxe5 11. h5 Nef6 12. hxg6 fxg6 13. Bc4+ Kh8 14. Bxg7+ Kxg7 15. Qh6+ Kh8 16. dxe5 Nxe5 17. Qxf8+ 1-0

[Event "Late-Titled-Tuesday-Blitz-February-06-2024"]
[Site "Chess.com"]
[Date "2024.02.06"]
[Round "2"]
[White "FrenchMonster2002"]
[Black "PawnEatingZombie"]
[Result "1-0"]
[WhiteElo "2481"]
[BlackElo "2185"]
[TimeControl "180+1"]
[EndTime "14:13:52 PST"]
[Termination "FrenchMonster2002 won by resignation"]

1. e4 d6 2. d4 Nf6 3. Nc3 e5 4.
Nf3 Nbd7 5. g4 Nxg4 6. Rg1 Ngf6 7.
Bc4 h6 8. Be3 c6 9. dxe5 dxe5 10. Qd3 Qc7 11. Bxf7+ Kxf7 12. Qc4+ Ke7 13. Nh4 Nb6 14.
Bxb6 axb6 15. Ng6+ Ke8 16. Nxh8 Bg4 17. Rxg4 Nxg4 18.
Qe6+ 1-0

[Event "Late-Titled-Tuesday-Blitz-February-06-2024"]
[Site "Chess.com"]
[Date "2024.02.06"]
[Round "2"]
[White "krzyzan94"]
[Black "Gentlejimmy7"]
[Result "1-0"]
[WhiteElo "2805"]
[BlackElo "2538"]
[TimeControl "180+1"]
[EndTime "14:14:01 PST"]
[Termination "krzyzan94 won by resignation"]

1. e4 c5 2. Nf3 d6 3. d4 cxd4 4. Nxd4 Nf6 5. Nc3 a6 6. Bd3 e5 7. Nde2 Be7 8. O-O O-O 9. Ng3 Nc6 10. Kh1 h6 11. Nd5 Be6 12. c4 Bxd5 13. exd5 Nb8 14. Nf5 Nbd7 15. Qf3 Re8 16. Bxh6 gxh6 17. Qg3+ Ng4 18. Qxg4+ Bg5 19. h4 Nf6 20. Nxh6+ 1-0

[Event "Late-Titled-Tuesday-Blitz-February-06-2024"]
[Site "Chess.com"]
[Date "2024.02.06"]
[Round "2"]
[White "Boundless_Strike"]
[Black "Akhayan"]
[Result "1-0"]
[WhiteElo "2664"]
[BlackElo "2369"]
[TimeControl "180+1"]
[EndTime "14:14:02 PST"]
[Termination "Boundless_Strike won by resignation"]

1. d4 Nf6 2. f3 c5 3. d5 e6 4.
c4 b5 5. Nc3 bxc4 6. e4 exd5 7.
Nxd5 Bb7 8. Bxc4 Nxd5 9. Bxd5 Bxd5 10. Qxd5 Nc6 11. Nh3 Qh4+ 12. Ke2 Nd4+ 13. Kd3 Rb8 14. Bg5 c4+ 15. Kxd4 Qh5 16. Qe5+ 1-0

[Event "Late-Titled-Tuesday-Blitz-February-06-2024"]
[Site "Chess.com"]
[Date "2024.02.06"]
[Round "2"]
[White "Viktor_Poddubnyi"]
[Black "colegiodemadrid"]
[Result "1-0"]
[WhiteElo "2277"]
[BlackElo "2501"]
[TimeControl "180+1"]
[EndTime "14:14:02 PST"]
[Termination "Viktor_Poddubnyi won by resignation"]

1. e4 c6 2. d4 d5 3. exd5 cxd5 4. c4 Nf6 5. Nc3 g6 6. Qb3 Bg7 7. cxd5 O-O 8. Be2 Nbd7 9. Bf3 Nb6 10. Nge2 Bf5 11.
O-O Bd3 12. d6 Qxd6 13. Bxb7 Rab8 14. Bf3 Nbd5 15. Qd1 Ba6 16. Re1 Rfd8 17. Na4 Qb6 18. Nxb6 1-0